 Dungeon Crawl Stone Soup version 0.29.1-1-gd02db69 (webtiles) character file.

Game seed: 1877447317389983708

4 Timinator the Insei (level 1, 0/15 HPs)
             Began as a Demigod Transmuter on Jan 18, 2023.
             Slain by a kobold
             ... wielding a +4 whip
              (1 damage)
             ... on level 1 of the Dungeon.
             The game lasted 00:00:36 (333 turns).

Timinator the Insei (Demigod Transmuter)             Turns: 333, Time: 00:00:36

Health: 0/15       AC:  2    Str: 11    XL:     1   Next: 40%
Magic:  4/5        EV: 12    Int: 15    God:
Gold:   11         SH:  0    Dex: 14    Spells: 2/3 levels left

rFire   . . .      SeeInvis .     - Unarmed
rCold   . . .      Faith    .   (no shield)
rNeg    . . .      Spirit   .   a - +0 robe
rPois   .          Reflect  .   (helmet currently unavailable)
rElec   .          Harm     .   (no cloak)
rCorr   .          Rampage  .   (no gloves)
Will    .....                   (boots currently unavailable)
Stlth   +.........              (no amulet)
HPRegen 0.05/turn               (no ring)
MPRegen 0.09/turn               (no ring)

@: appendages (expiring)
A: horns 2, talons 2, high MP 1, forlorn, divine attributes
a: End Transformation


You were on level 1 of the Dungeon.
You had temporarily grown beastly horns and talons.
You visited 1 branch of the dungeon, and saw 1 of its levels.

You collected 11 gold pieces.

Inventory:

Armour
 a - a +0 robe (worn)
Scrolls
 c - a scroll of immolation {unknown}
 d - a scroll of teleportation {unknown}
 e - a scroll of blinking {unknown}
Potions
 b - a potion of lignification


   Skills:
 + Level 0.9 Fighting
 + Level 0.1 Armour
 + Level 1.8 Dodging
 * Level 2.7 Unarmed Combat
 * Level 1.8 Spellcasting
 + Level 1.8 Transmutations


You had 2 spell levels left.
You knew the following spells:

 Your Spells              Type           Power      Damage    Failure   Level
a - Beastly Appendage     Tmut           12%        N/A       11%         1

Your spell library contained the following spells:

 Spells                   Type           Power      Damage    Failure   Level
 Wereblood                Tmut           6%         N/A       16%         2
 Spider Form              Tmut/Pois      4%         N/A       43%         3
 Ice Form                 Ice/Tmut       4%         N/A       83%         4


Dungeon Overview and Level Annotations

Branches:
Dungeon (1/15)


Innate Abilities, Weirdness & Mutations

You have temporarily grown beastly horns and talons.
You have an increased reservoir of magic. (+10% MP)
You shall have no god before yourself.
Your divine heritage dramatically boosts your attributes as you level up.


Message History

You grow a pair of large bovine horns.
Your feet morph into talons.
The endoplasm barely misses you.
You hit the endoplasm.
You kill the endoplasm!
The giant cockroach barely misses you.
You barely miss the giant cockroach.
Your headbutt misses the giant cockroach.
Your punch misses the giant cockroach. The giant cockroach bites you.
* * * LOW HITPOINT WARNING * * *
You hit the giant cockroach. You claw the giant cockroach.
You kill the giant cockroach!
Your magical contamination has completely faded away.
You see here a giant cockroach corpse.
Your transformation is almost over.
Your horns disappear.
Your talons disappear.
HP restored.
A kobold comes into view. It is wielding a +4 whip.
The kobold shouts!
Casting: Beastly Appendage (safe; 11% risk of failure)
Confirm with . or Enter, or press ? or * to list all spells.
You grow a pair of large bovine horns.
Your feet morph into talons.
You hit the kobold. Your punch misses the kobold.
The kobold is moderately wounded.
The kobold hits you with a +4 whip!
You hit the kobold but do no damage. You claw the kobold, but do no damage.
The kobold is moderately wounded.
The kobold hits you with a +4 whip.
You hit the kobold but do no damage. Your kick misses the kobold.
Your headbutt misses the kobold.
The kobold is moderately wounded.
Your transformation is almost over.
The kobold hits you with a +4 whip.
* * * LOW HITPOINT WARNING * * *
You hit the kobold but do no damage.
The kobold is moderately wounded.
The kobold barely misses you.
You barely miss the kobold.
The kobold is moderately wounded.
The kobold hits you with a +4 whip.
You die...

...# # #..# ..# #..#
..#########+##
#..##....#.....!..#
#..#.....#.....P.P#
##.>......+.....P.#
...#.##...#.......#
##...##...#.......#
#..###...#.....@#P...P..
#.## #...#.....K#.......
#.# #...#....P.#..⌠.⌠.P
##.####...#....P.#..P....
.....##.........#...P....
##.#...........P#..PP~...
...####........##########
#### ###....).# #.[....#


You could see a kobold.

Vanquished Creatures
  A bat (D:1)
  An endoplasm (D:1)
  A giant cockroach (D:1)
3 creatures vanquished.

Vanquished Creatures (others)
  A fungus (D:1)
1 creature vanquished.

Grand Total: 4 creatures vanquished

Notes
Turn   | Place    | Note
-------+----------+-------------------------------------------
     0 | D:1      | Timinator the Demigod Transmuter began the quest for the
                  | Orb.
     0 | D:1      | Reached XP level 1. HP: 15/15 MP: 5/5
   333 | D:1      | Slain by a kobold

Illustrated notes

Levels and vault maps discovered:
D:1:      evilmike_arrival_hilbert_curve, layout_basic,
          shapermc_ecumenical_altar_mp_ritualfount, hex_tiny, serial_park_tiny_1

Action                   || total
-------------------------++-------
Melee: Unarmed           ||    14
       Kick              ||     2
 Cast: Beastly Appendage ||     3
Armor: Robe              ||     3
Dodge: Dodged            ||     6
